 Dungeon Crawl Stone Soup version 0.10.4 character file.

1210 ShockStorm the Sneak (level 8, -16/49 HPs)
             Began as an Octopode Arcane Marksman on Sept 14, 2018.
             Demolished by an orc warrior
             ... wielding a -1,+1 orcish glaive
              (28 damage)
             ... on Level 9 of the Dungeon.
             The game lasted 02:29:19 (6403 turns).

ShockStorm the Sneak (Octopode Arcane Marksman)     Turns: 6403, Time: 02:29:19

HP -16/49        AC  1     Str 11      XL: 8   Next: 40%
MP   4/4         EV 19     Int 21      God:
Gold 37          SH  0     Dex 12      Spells:  2 memorised,  8 levels left

Res.Fire  : . . .   See Invis. : .   U - +12,+6 dagger "Coxuj" {antimagic, rElec}
Res.Cold  : . . .   Warding    : . . (no shield)
Life Prot.: . . .   Conserve   : .   (helmet restricted)
Res.Acid. : . . .   Res.Corr.  : .   (no amulet)
Res.Poison: .       Clarity    : .   D - +4 ring of intelligence
Res.Elec. : +       Spirit.Shd : .   p - +5 ring of evasion
Sust.Abil.: . .     Stasis     : .   (no ring)
Res.Mut.  : .       Ctrl.Telep.: .   (no ring)
Res.Rott. : .       Levitation : .   (no ring)
Saprovore : . . .   Ctrl.Flight: .   (no ring)
                                     (no ring)
                                     (no ring)

@: about to teleport, nauseated, slightly resistant to hostile enchantments,
very stealthy
A: almost no armour, amphibious, constrict 8, camouflage 1, tentacles 3, AC +1,
Int +1
a: no special abilities


You were on level 9 of the Dungeon.
You were hungry.

You visited 1 branch of the dungeon, and saw 9 of its levels.

You collected 228 gold pieces.
You spent 241 gold pieces at shops.

Inventory:

Hand weapons
 b - a cursed -3,+0 orcish dagger
 r - a +2,+1 crossbow
 s - a +0,+0 spear
 u - the cursed -3,-2 hand axe of the Solstice {unknown, vamp, MR}
   (You bought it in a shop on level 5 of the Dungeon)

   It inflicts no extra harm, but heals its wielder somewhat when it strikes a
   living foe.
   It increases your resistance to enchantments.
   It has a curse placed upon it.
 y - a +2,+1 orcish long sword
 B - a +2,+3 sling
 K - a +1,+0 elven short sword
 N - a -1,+0 orcish flail
 U - the +12,+6 dagger "Coxuj" (weapon) {antimagic, rElec}
   (You found it on level 5 of the Dungeon)

   It disrupts the flow of magical energy around spellcasters and certain
   magical creatures (including the wielder).
   It insulates you from electricity.
Missiles
 c - 23 +0 bolts
 h - 44 poisoned +0 needles
 n - 26 +0 darts
 o - 32 +2 sling bullets
 t - a +0 throwing net (quivered)
 L - 2 +0 javelins
 O - 21 +4 bolts
 Z - a -1 throwing net
Armour
 e - a +2 orcish robe
 f - a +0 animal skin
 R - a +0 chain mail of cold resistance
Comestibles
 a - a choko
 i - a chunk of goblin flesh
 k - a chunk of giant goldfish flesh
 q - a meat ration
Scrolls
 Q - 2 scrolls of detect curse
 W - a scroll of fear
Jewellery
 p - a +5 ring of evasion (on tentacle)
 D - a +4 ring of intelligence (on tentacle)
Potions
 g - a potion of cure mutation
 j - a potion of invisibility
 m - a potion of restore abilities
 v - a potion of confusion {unknown}
 M - a potion of speed
Books
 d - a book of Debilitation

   Spells                             Type                      Level
   *Corona                            Hexes                        1
   *Slow                              Hexes                        2
   Inner Flame                        Hexes/Fire                   3
   Enslavement                        Hexes                        4
   Cause Fear                         Hexes                        4


   Skills:
 - Level 1.0 Fighting
 * Level 4.3 Short Blades
 - Level 3.0 Crossbows
 - Level 2.2 Throwing
 * Level 5.4 Dodging
 * Level 5.6 Stealth
 * Level 2.2 Stabbing
 + Level 4.1 Traps & Doors
 - Level 2.0 Spellcasting
 - Level 3.0 Hexes


You had 8 spell levels left.
You knew the following spells:

 Your Spells              Type           Power        Failure   Level  Hunger
a - Corona                Hex            ###.....     4%          1    Sultana
b - Slow                  Hex            ###......    8%          2    Choko

Dungeon Overview and Level Annotations

Branches:
Dungeon (9/27)
 Temple: D:4-7          Orc: D:6-11        Lair: D:8-13

Altars:
Cheibriados
The Shining One
Xom
Zin

Shops:
D:5: (

Annotations
D:4 1 exclusion, Edmund
D:5 Dowan; Jannitor's ghost, experienced DsFi


Innate Abilities, Weirdness & Mutations

You cannot wear most types of armour.
You can wear up to eight rings at the same time.
You are amphibious.
You can use your tentacles to constrict many enemies at once.
Your rubbery body absorbs attacks (AC +1).
Your skin changes colour to match your surroundings (Stlth).
You have a mass of large tentacles instead of arms.
Your mind is acute (Int +1).


Message History

The orc is lightly wounded.
The orc wizard casts a spell.
The orc wizard blinks!
The orc priest looks stronger.
You puncture the orc!
You kill the orc!
The orc wizard mumbles some strange words.
The orc wizard blinks!
The orc priest invokes the aid of Beogh against you.
Something smites you!
The orc warrior splashes around in the water.
Read which item? (? for menu, Esc to quit)
As you read the scroll of teleportation, it crumbles to dust.
You feel strangely unstable.
The orc priest mumbles some strange prayers to Beogh against you.
Something smites you!
* * * LOW HITPOINT WARNING * * *
The orc warrior hits you from afar with a glowing orcish glaive!
Ouch! That really hurt!
You die...

.#.####≈≈≈≈≈≈≈≈≈.####.##
.#.# #≈≈≈≈≈≈≈#.......#
>#.≈ #≈≈≈≈≈##.......#
.#≈≈≈ .#≈≈≈# #.......#
.#≈≈≈≈ ##≈.###.......#
.#.≈≈≈. #≈≈...........#
.#.#≈≈...≈≈≈≈###.......#
.#.# ##≈≈≈≈≈≈###......#
.# #≈≈≈≈≈≈;{.@......# ..
≈≈≈≈≈≈≈≈o;##...### .
≈≈§≈≈≈o≈{ ...# ≈≈≈≈o≈≈≈
#..# ≈≈o≈≈o≈ .... ≈≈≈≈≈≈
.### ≈≈≈≈# .# ≈≈#


You could see 2 orc warriors, 2 big fish, an orc priest and 2 orcs.

Vanquished Creatures
  Menkaure (D:5)
  3 giant goldfish
  Sigmund (D:5)
  2 giant frogs
  3 jellyfish (D:6)
  2 electric eels (D:6)
  2 big fish (D:9)
  An iguana (D:8)
  3 orc wizards
  2 worker ants (D:6)
  A jelly (D:6)
  4 adders
  3 gnolls (D:8)
  6 giant geckos
  3 oozes
  7 orcs
  3 giant cockroaches
  9 goblins
  7 hobgoblins
  7 jackals
  A ball python (D:3)
  17 bats
  5 giant newts
  A hobgoblin zombie (D:6)
  12 kobolds
  A quokka (D:4)
  8 rats
115 creatures vanquished.

Vanquished Creatures (others)
  A giant newt (D:2)
1 creature vanquished.

Grand Total: 116 creatures vanquished

Notes
Turn   | Place    | Note
--------------------------------------------------------------
     0 | D:1      | ShockStorm, the Octopode Arcane Marksman, began the quest for the Orb.
     0 | D:1      | Reached XP level 1. HP: 13/13 MP: 1/1
   205 | D:1      | Reached skill level 1 in Stealth
   205 | D:1      | Reached XP level 2. HP: 4/18 MP: 3/3
   287 | D:1      | Reached skill level 1 in Traps & Doors
   936 | D:1      | Reached XP level 3. HP: 20/23 MP: 4/4
  1274 | D:3      | Found a glowing silver altar of Zin.
  1624 | D:2      | Reached skill level 1 in Stabbing
  2172 | D:4      | Noticed Edmund
  2231 | D:5      | Entered Level 5 of the Dungeon
  2285 | D:4      | Learned a level 2 spell: Slow
  2634 | D:4      | Reached XP level 4. HP: 20/28 MP: 6/6
  2761 | D:4      | Reached skill level 4 in Stealth
  2912 | D:5      | Got a crude dagger
  3017 | D:5      | Noticed Jannitor's ghost (experienced DsFi)
  3477 | D:2      | Reached skill level 1 in Short Blades
  3948 | D:3      | Identified the dagger "Coxuj" {antimagic, rElec} (You found it on level 5 of the Dungeon)
  4097 | D:5      | Noticed Menkaure
  4126 | D:5      | Killed Menkaure
  4126 | D:5      | Reached XP level 5. HP: 16/33 MP: 2/7
  4130 | D:5      | Found a shimmering altar of Xom.
  4169 | D:5      | Found a shimmering altar of Xom.
  4170 | D:5      | Found a shimmering altar of Xom.
  4175 | D:5      | Found a shimmering altar of Xom.
  4184 | D:5      | Noticed Dowan
  4296 | D:5      | Reached XP level 6. HP: 31/38 MP: 3/9
  4536 | D:6      | Reached skill level 5 in Stealth
  4592 | D:7      | Found a glowing golden altar of the Shining One.
  4670 | D:7      | Gained mutation: You cover ground slowly.
  4670 | D:7      | Gained mutation: You have very sharp teeth.
  4670 | D:7      | Gained mutation: Your muscles are flexible, but weak (Str -1, Dex +1).
  4695 | D:7      | Found a snail-covered altar of Cheibriados.
  4758 | D:8      | Reached XP level 7. HP: 13/43 MP: 10/10
  5176 | D:8      | HP: 1/43 [orc/glowing orcish flail (5)]
  5712 | D:6      | Reached XP level 8. HP: 34/49 MP: 12/12
  5731 | D:6      | Lost mutation: You cover ground slowly.
  5731 | D:6      | Lost mutation: Your muscles are flexible, but weak (Str -1, Dex +1).
  5731 | D:6      | Lost mutation: You have very sharp teeth.
  5744 | D:6      | HP: 2/49 [poisoned by a jellyfish]
  5842 | D:5      | Found Sakaqugg's Antique Weapon Emporium.
  5874 | D:5      | Bought a fine hand axe for 241 gold pieces
  5877 | D:5      | Gained mutation: Your mind is acute (Int +1).
  5893 | D:5      | Noticed Sigmund
  5902 | D:5      | Killed Sigmund
  5903 | D:5      | Reached skill level 5 in Dodging
  6403 | D:9      | Demolished by an orc warrior
